Map: Blueshift LE

Players

blitzkrieg

  • Race: Protoss Protoss
  • League: Diamond
  • Spawn Location: 7:00

JackieChan - Winner!

  • Race: Terran Terran
  • League: Diamond
  • Spawn Location: 1:00

VOD

Have the link to the VOD?

Description

Time

  • Played on: Oct. 21, 2018, 10:32 a.m.
  • Length: 12:32
Show
View Real Time Build Order
Export as new Build Order

blitzkrieg Protoss 

Build Orders: 1 Gate Expand 

Get SALT Encoding   

  12  0:01  Probe  
  13  0:13  Probe  
  14  0:19  Pylon  
  14  0:25  Probe  
  15  0:34  Probe  
  15  0:37  Gateway  
  15  0:42  Probe  
  16  0:48  Assimilator  
  17  0:51  Probe  
  18  1:03  Probe  
  19  1:26  Nexus, Probe  
  20  1:37  Cybernetics Core  
  20  1:40  Probe  
  21  1:47  Assimilator  
  21  1:52  Probe  
  22  1:55  Pylon  
  22  2:04  Probe  
  22  2:05  Stalker  
  24  2:25  Robotics Facility  
  24  2:27  Probe  
  25  2:34  Stalker  
  27  2:39  Probe  
  27  2:43  Warp Gate  
  28  2:50  Probe  
  29  2:54  Probe  
  30  3:02  Probe  
  31  3:06  Stalker, Probe  
  31  3:08  Immortal  
  34  3:14  Probe  
  39  3:26  Probe x2  
  39  3:38  Probe  
  39  3:39  Probe  
  41  3:50  Probe  
  41  3:52  Probe  
  43  3:58  Observer  
  43  4:02  Probe  
  45  4:04  Probe  
  45  4:08  Pylon  
  46  4:11  Assimilator  
  46  4:13  Pylon  
  46  4:26  Probe x2  
  46  4:27  Gateway, Observer  
  46  4:30  Gateway  
  49  4:39  Probe  
  50  4:49  Stalker  
  50  4:52  Probe  
  53  4:54  Probe  
  53  4:59  Observer  
  55  5:11  Probe  
  55  5:13  Probe  
  53  5:23  Probe  
  53  5:25  Probe  
  53  5:28  Nexus, Assimilator  
  55  5:29  Observer  
  55  5:35  Probe  
  57  5:37  Stalker x2, Probe  
  62  6:04  Pylon  
  62  6:05  Pylon  
  62  6:10  Observer  
  62  6:16  Robotics Bay  
  62  6:19  Gateway  
  62  6:22  Gateway, Probe x2, Immortal  
  62  6:23  Pylon  
  68  6:34  Probe x2  
  68  6:36  Stalker  
  68  6:37  Stalker  
  74  6:46  Probe x2  
  76  6:47  Probe  
  77  6:58  Probe x2  
  77  6:59  Probe  
  80  7:06  Colossus  
  86  7:09  Forge  
  86  7:10  Forge, Probe x2  
  86  7:11  Probe  
  89  7:20  Stalker x3  
  96  7:22  Probe  
  91  7:34  Protoss Ground Weapons Level 1, Protoss Ground Armor Level 1  
  91  7:36  Probe x2  
  84  7:37  Probe  
  83  7:45  Gateway  
  83  7:46  Gateway  
  79  7:53  Probe x3  
  80  7:59  Photon Cannon  
  80  8:00  Extended Thermal Lance  
  80  8:05  Probe x3  
  83  8:12  Photon Cannon  
  83  8:25  Probe x2, Photon Cannon  
  83  8:26  Probe  
  84  8:37  Stalker, Probe  
  84  8:38  Probe, Photon Cannon  
  69  8:52  Probe  
  69  8:54  Probe x2  
  70  9:04  Probe  
  70  9:06  Probe x2  
  70  9:16  Probe  
  71  9:18  Probe x2  
  71  9:19  Nexus, Robotics Facility  
  71  9:23  Photon Cannon  
  73  9:28  Probe  
  73  9:29  Pylon  
  73  9:30  Probe x2  
  76  9:33  Assimilator  
  76  9:40  Probe  
  76  9:42  Probe x2  
  79  9:47  Twilight Council  
  79  9:52  Probe  
  80  9:54  Probe, Photon Cannon  
  80  9:59  Assimilator  
  81  10:05  Stalker x3  
  81  10:06  Stalker  
  81  10:07  Stalker  
  91  10:18  Immortal x2  
  99  10:33  Zealot  
  99  10:34  Zealot  
  103  10:49  Pylon  
  103  10:50  Pylon  
  103  10:51  Pylon  
  103  10:52  Pylon  
  103  11:08  Immortal  
  107  11:15  Stargate  
  107  11:17  Stargate  
  107  11:20  Zealot x5  
  107  11:22  Stalker x2  
  110  11:42  Assimilator  
  94  11:47  Assimilator  
  100  12:02  Fleet Beacon  
  100  12:03  Probe  
  100  12:05  Photon Cannon  
  101  12:09  Photon Cannon  
  101  12:12  Zealot x2, Photon Cannon  
  101  12:13  Zealot x4  
  101  12:14  Stalker  
Show
View Real Time Build Order
Export as new Build Order

JackieChan Terran - Winner!

Build Orders: Liberator Opening, Reaper Expand, Mech 

Get SALT Encoding   

  12  0:00  SCV  
  13  0:12  SCV  
  14  0:18  Supply Depot  
  14  0:25  SCV  
  15  0:39  SCV  
  15  0:41  Barracks  
  16  0:44  Refinery  
  16  0:51  SCV  
  17  1:03  SCV  
  18  1:16  SCV  
  19  1:28  Orbital Command  
  19  1:29  Reaper  
  20  1:45  Command Center  
  20  1:57  SCV  
  20  1:58  Supply Depot  
  21  2:03  Refinery  
  21  2:07  Barracks Reactor  
  21  2:12  SCV  
  22  2:23  Factory  
  22  2:24  SCV  
  23  2:37  SCV  
  24  2:44  Marine x2  
  24  2:49  SCV  
  27  2:56  Orbital Command  
  27  3:01  SCV  
  28  3:07  Starport  
  28  3:14  Widow Mine x2  
  28  3:17  SCV  
  33  3:20  Bunker  
  33  3:30  Orbital Command  
  33  3:33  Marine  
  34  3:36  SCV  
  35  3:44  Medivac  
  36  3:55  SCV x2  
  37  3:57  Widow Mine x2  
  37  3:58  Barracks Tech Lab  
  37  3:59  Liberator  
  37  4:00  Factory  
  41  4:07  SCV x2  
  43  4:14  Supply Depot  
  46  4:31  Supply Depot x2  
  46  4:36  Widow Mine x2, SCV x2  
  52  4:48  SCV x2  
  57  4:52  Siege Tank  
  57  4:55  Engineering Bay  
  57  4:58  Refinery  
  57  5:00  SCV x2  
  59  5:12  SCV x2  
  59  5:13  Starport Reactor  
  59  5:20  Widow Mine x2  
  63  5:22  Armory  
  63  5:24  SCV x2, Refinery  
  65  5:29  Missile Turret  
  65  5:36  SCV x2  
  65  5:39  Command Center  
  65  5:40  Liberator x2  
  67  5:48  SCV x2  
  62  6:00  SCV x2  
  62  6:02  Missile Turret  
  62  6:03  Missile Turret  
  70  6:10  Supply Depot  
  70  6:12  Supply Depot  
  70  6:13  Supply Depot  
  70  6:16  Hellion x2  
  74  6:20  SCV x2  
  74  6:21  Missile Turret  
  74  6:25  Terran Vehicle Weapons Level 1  
  76  6:30  Liberator  
  76  6:32  Siege Tank  
  79  6:36  SCV  
  79  6:37  SCV  
  79  6:39  Hellion x2  
  85  6:53  Orbital Command  
  88  6:57  Supply Depot, Factory  
  88  7:01  Factory  
  88  7:09  Siege Tank  
  88  7:10  Hellion x2  
  93  7:23  Liberator x2  
  87  7:38  Orbital Command  
  87  7:39  SCV x2  
  87  7:42  Hellion x2, Factory Tech Lab  
  99  7:51  Missile Turret x2  
  99  7:56  Siege Tank  
  99  7:57  Factory Tech Lab  
  96  8:03  Siege Tank  
  96  8:04  SCV  
  96  8:05  SCV x2  
  102  8:16  Missile Turret  
  102  8:17  SCV x3  
  102  8:18  Missile Turret  
  105  8:29  SCV x3  
  105  8:30  Refinery  
  105  8:31  Refinery  
  108  8:41  SCV  
  98  8:50  Liberator  
  98  8:55  SCV x3  
  99  8:59  Siege Tank x3  
  99  9:00  Hellion x2  
  112  9:07  SCV  
  106  9:15  Missile Turret  
  106  9:16  Missile Turret  
  106  9:17  Drilling Claws  
  106  9:18  Smart Servos  
  106  9:21  Hellion  
  106  9:23  Armory  
  108  9:29  SCV x2  
  110  9:31  Siege Tank  
  110  9:34  Missile Turret  
  113  9:40  Missile Turret  
  113  9:41  Missile Turret  
  113  9:42  Terran Vehicle And Ship Armor Level 1  
  113  9:44  Siege Tank x2  
  113  9:45  Hellion x2  
  123  9:46  Command Center  
  123  10:06  Refinery  
  123  10:07  Hellion, Missile Turret, Refinery  
  125  10:26  Supply Depot  
  125  10:28  Supply Depot  
  125  10:29  Supply Depot  
  125  10:33  Liberator x2  
  125  10:47  Hellion, Siege Tank x2  
  133  10:50  Hellion, Siege Tank  
  142  11:00  Factory  
  142  11:02  Factory  
  142  11:03  Starport  
  142  11:09  Hellion  
  144  11:12  Hellion  
  141  11:22  Hellion, Siege Tank x2  
  149  11:30  Hellion  
  151  11:33  Hellion  
  139  11:52  Siege Tank  
  139  11:53  Hellion  
  138  11:54  Factory Tech Lab, Factory Reactor  
  138  11:59  Starport Reactor, SCV x3  
  141  12:11  SCV x3  
  152  12:18  Supply Depot  
  152  12:20  Supply Depot  
  152  12:21  Supply Depot  
Tags
 
Add a new tag
Caveats
  • Supply blocks, unpowered buildings, or Contaminate may cause inaccurate times.
  • Supply counts are checked every 10 seconds.